 Dungeon Crawl Stone Soup version 0.29-a0-723-gce39da1c22 (webtiles) character file.

Game seed: 12058170055714125710

29 buhh the Insei (level 3, 0/25 HPs)
             Began as an Octopode Transmuter on June 28, 2022.
             Slain by Natasha (5 damage)
             ... on level 2 of the Dungeon.
             The game lasted 00:01:47 (1328 turns).

buhh the Insei (Octopode Transmuter)                Turns: 1328, Time: 00:01:48

Health: 0/25       AC:  1    Str:  9    XL:     3   Next: 16%
Magic:  6/6        EV: 13    Int: 17    God:
Gold:   78         SH:  0    Dex: 12    Spells: 5/6 levels left

rFire   + . .      SeeInvis .     - Unarmed
rCold   . . .      Faith    .   (no shield)
rNeg    . . .      Spirit   .   (helmet currently unavailable)
rPois   .          Reflect  .   (no amulet)
rElec   .          Harm     .   d - ring of protection from fire
rCorr   .          Rampage  .   (no ring)
Will    .....                   (no ring)
Stlth   +++.......              (no ring)
HPRegen 0.08/turn               (no ring)
MPRegen 0.10/turn               (no ring)
                                (no ring)
                                (no ring)

@: appendages (expiring), slowed, very slow
A: tentacle spike 3, almost no armour, amphibious, 8 rings, camouflage 1,
gelatinous body 1, (nimble swimmer 1), tentacles
a: End Transformation


You were on level 2 of the Dungeon.
One of your tentacles had grown a beastly spike.
You visited 1 branch of the dungeon, and saw 2 of its levels.

You collected 78 gold pieces.

Inventory:

Jewellery
 d - a ring of protection from fire (left tentacle)
Scrolls
 a - a scroll of poison
 T - a scroll of immolation {!d}
Potions
 b - 2 potions of mutation {unknown}
 c - a potion of flight {unknown}
 l - a potion of lignification {!d}
 N - a potion of curing {!q!d}


   Skills:
 + Level 2.9 Fighting
 - Level 2.0 Dodging
 - Level 1.0 Stealth
 - Level 3.0 Unarmed Combat
 - Level 2.0 Spellcasting
 - Level 2.0 Transmutations


You had 5 spell levels left.
You knew the following spells:

 Your Spells              Type           Power      Damage    Failure   Level
a - Beastly Appendage     Tmut           16%        N/A       9%          1

Your spell library contained the following spells:

 Spells                   Type           Power      Damage    Failure   Level
 Wereblood                Tmut           8%         N/A       13%         2
 Spider Form              Tmut/Pois      5%         N/A       36%         3
 Ice Form                 Ice/Tmut       5%         N/A       77%         4


Dungeon Overview and Level Annotations

Branches:
Dungeon (2/15) Zot: 10673

Altars:

Annotations:
D:2 Natasha


Innate Abilities, Weirdness & Mutations

One of your tentacles has grown a beastly spike.
You cannot wear most types of armour.
You are amphibious.
You can wear up to eight rings at the same time.
Your skin changes colour to match your surroundings (Stealth+).
Your rubbery body absorbs attacks. (AC +1, EV +1)
((You are camouflaged when in or above water. (Stealth+)))
You have tentacles for arms and can constrict up to eight enemies at once.


Message History

The kobold closely misses you.
You see here a +0 helmet.
You tentacle-slap the kobold.
You kill the kobold!
You tentacle-slap the kobold. You grab the kobold.
You pierce the kobold.
You kill the kobold!
Your transformation is almost over.
Things that are here:
a +0 club; a kobold corpse
Things that are here:
a +0 dagger; a kobold corpse You now have 78 gold pieces (gained 15).
Your tentacle spike disappears.
Found an escape hatch in the ceiling.
c - a fuming coppery potion You see here a +0 spear.
Found an escape hatch in the floor.
There is an escape hatch in the floor here.
Natasha, Servant of Life and Death comes into view.
Natasha is nearby!
One of your tentacles grows a vicious spike.
Found a stone staircase leading down.
Natasha hisses angrily.
Natasha casts a spell at you.
You feel yourself slow down.
You tentacle-slap Natasha but do no damage.
Your grab misses Natasha. Natasha claws you!
You closely miss Natasha. You grab Natasha.
You pierce Natasha.
Your tentacle-slap misses Natasha.
Your squeeze misses Natasha.
Natasha is lightly wounded.
You constrict Natasha. Natasha claws you. x2
You barely miss Natasha.
Your tentacle spike misses Natasha.
Natasha is lightly wounded.
Your transformation is almost over.
You constrict Natasha. Natasha claws you!
* * * LOW HITPOINT WARNING * * *
You tentacle-slap Natasha.
You pierce Natasha, but do no damage.
Natasha is moderately wounded.
You constrict Natasha. Natasha claws you.
You die...

...## ...... ....#
.....### .. ..
....##.....# .#...
...........#######.#..
...####.............#
...#######..........#
....................#
....................#.##
.........>......@h......
..........###...........
...<......# #........>.)
..........# #..!....#...
.)........# #.......# ..
..........# #.......# .
##........# #.......#
########## #.......#


You could see Natasha.

Vanquished Creatures
  2 ball pythons (D:1)
  4 bats
  2 endoplasms
  A giant cockroach (D:1)
  4 goblins
  3 hobgoblins
  3 frilled lizards
  5 kobolds
  4 rats
28 creatures vanquished.

Notes
Turn   | Place    | Note
-------+----------+-------------------------------------------
     0 | D:1      | buhh the Octopode Transmuter began the quest for the Orb.
     0 | D:1      | Reached XP level 1. HP: 13/13 MP: 3/3
   206 | D:1      | Reached XP level 2. HP: 9/19 MP: 5/5
   796 | D:1      | Found a faded altar of an unknown god.
  1113 | D:2      | Reached XP level 3. HP: 25/25 MP: 6/6
  1318 | D:2      | Noticed Natasha
  1328 | D:2      | Slain by Natasha

Illustrated notes

Levels and vault maps discovered:
D:1:      scummos_arrival_hexagon, layout_basic,
          ebering_ecumenical_altar_abandoned
D:2:      layout_basic, minmay_liquid_box, uniq_natasha

Skill      XL: |  1  2 |
---------------+-------+-----
Stealth        | 1 |  1.0
Fighting       | 2 |  2.9
Dodging        | |  2.0
Unarmed Combat | |  3.0
Spellcasting   | |  2.0
Transmutations | |  2.0

Action                   || total
-------------------------++-------
Melee: Unarmed           ||    62
       Kick              ||    17
       Constrict         ||    13
       Tentacles         ||    11
       Punch             ||     1
 Cast: Beastly Appendage ||    16
  Use: Scroll            ||     6
 Stab: Sleeping          ||     5
Armor: Skin              ||    14
Dodge: Dodged            ||    39

Table legend: (Time is in decaauts)
 A = Elapsed time spent in this place.
 B = Non-inter-level travel time spent in this place.
 C = Inter-level travel time spent in this place.
 D = Time resting spent in this place.
 E = Time spent auto-exploring this place.
 F = Levels seen in this place.
 G = Mean time per level.
                   A        B        C        D        E       F      G
               +--------+--------+--------+--------+--------+-----+--------+
         Total |   1325 |   1280 |     45 |      0 |   1087 |   2 |  662.5 |
       Dungeon |   1325 |   1280 |     45 |      0 |   1087 |   2 |  662.5 |
               +--------+--------+--------+--------+--------+-----+--------+

Top non-repeatable levels by time:
     D:1: 957 daAuts
     D:2: 367 daAuts
